 Dungeon Crawl Stone Soup version 0.19.1 (webtiles) character file.

90 Peloso the Shield-Bearer (level 4, -1/31 HPs)
             Began as a Halfling Fighter on Dec 16, 2016.
             Slain by an orc warrior
             ... wielding a +0 scimitar
              (8 damage)
             ... on level 3 of the Dungeon.
             The game lasted 00:03:57 (1765 turns).

Peloso the Shield-Bearer (Halfling Fighter)         Turns: 1765, Time: 00:03:58

Health: -1/31      AC: 10    Str: 23    XL:     4   Next: 85%
Magic:  4/4        EV:  8    Int:  6    God:
Gold:   83         SH: 10    Dex: 13    Spells: 0 memorised, 3 levels left

rFire  . . .     SeeInvis .     a - +0 long sword
rCold  . . .     Gourm    .     n - +0 chain mail
rNeg   . . .     Faith    .     c - +0 shield
rPois  .         Spirit   .     (no helmet)
rElec  .         Reflect  .     (no cloak)
rCorr  .         Harm     .     e - +0 pair of gloves
MR     .....                    (no boots)
Stlth  ..........               (no amulet)
                                (no ring)
                                (no ring)

@: mighty
A: mutation resistance 1
a: no special abilities


You were on level 3 of the Dungeon.
You were not hungry.

You visited 1 branch of the dungeon, and saw 3 of its levels.

You collected 83 gold pieces.

Inventory:

Hand Weapons
 a - a +0 long sword (weapon)
 g - a +0 trident of protection
Armour
 b - a +0 scale mail
 c - a +0 shield (worn)
 e - a +0 pair of gloves (worn)
 n - a +0 chain mail (worn)
Scrolls
 j - a scroll of identify {unknown}
 k - a scroll of remove curse {unknown}
 l - a scroll of teleportation {unknown}
Comestibles
 f - a bread ration
 h - a meat ration
 i - 3 fruits


   Skills:
 + Level 3.1 Fighting
 + Level 2.8 Long Blades
 + Level 3.5 Armour
 + Level 1.3 Dodging
 + Level 0.2 Stealth
 + Level 4.2 Shields


You had 3 spell levels left.
You didn't know any spells.

Dungeon Overview and Level Annotations

Branches:
Dungeon (3/15)

Altars:


Innate Abilities, Weirdness & Mutations

You are small and have problems with some larger weapons.
You are somewhat resistant to further mutation.


Message History

You block the orc warrior's attack.
The orc warrior hits you with a scimitar!
* * * LOW HITPOINT WARNING * * *
An orc comes into view. It is wielding a short sword of speed.
You closely miss the orc warrior.
The orc shouts!
The orc warrior hits you with a scimitar.
* * * LOW HITPOINT WARNING * * *
You closely miss the orc warrior. The orc warrior barely misses you.
You riposte.
You hit the orc warrior.
The orc warrior is lightly wounded.
Your chain mail prevents you from hitting the orc warrior.
The orc warrior is lightly wounded.
You slash the orc!
You kill the orc!
You block the orc warrior's attack.
The crimson imp blinks!
You barely miss the orc warrior.
The orc warrior is lightly wounded.
The orc warrior hits you with a scimitar!
You die...

# ≈≈≈♣ ###### # ♣♣♣≈≈P
♣####...... #############♣P..♣
♣♣..........
##...........♣..♣♣♣♣..5........
##...........♣P.P♣.....).......
.+............♣P......§........
##.............♣♣♣.............
##...............#.(..)).......
##).............@#.............
.'..............o§o$...........
##...............#.......######
##...........5...#.......#
.................#.......#
.................#.......#
........##########.......#
♣♣......# #.......# ♣♣♣♣....#
#.......#


You could see an orc warrior, a crimson imp and an orc.

Vanquished Creatures
  Natasha (D:3)
  An ooze (D:2)
  A worm (D:2)
  2 dart slugs (D:1)
  4 leopard geckos (D:1)
  5 orcs (D:3)
  A giant cockroach (D:1)
  2 hobgoblins (D:1)
  3 jackals (D:2)
  A quokka (D:3)
  2 ball pythons
  6 bats
  3 goblins
  9 kobolds
  5 rats
46 creatures vanquished.

Notes
Turn   | Place    | Note
-------+----------+-------------------------------------------
     0 | D:1      | Peloso the Halfling Fighter began the quest for the Orb.
     0 | D:1      | Reached XP level 1. HP: 15/15 MP: 1/1
    88 | D:1      | Reached XP level 2. HP: 11/20 MP: 2/2
   247 | D:1      | Reached XP level 3. HP: 18/25 MP: 3/3
   393 | D:1      | Reached skill level 4 in Shields
  1258 | D:2      | Reached skill level 1 in Dodging
  1258 | D:2      | Reached XP level 4. HP: 28/30 MP: 4/4
  1501 | D:3      | Noticed Natasha
  1518 | D:3      | Killed Natasha
  1745 | D:3      | Noticed an orc warrior
  1765 | D:3      | Slain by an orc warrior

Skill      XL: |  1  2  3  4 |
---------------+-------------+-----
Shields        | 4 |  4.2
Dodging        | 1 |  1.3
Fighting       | 3 |  3.1
Long Blades    | |  2.8
Armour         | |  3.5
Stealth        | |  0.2

Action                   |  1- 3 |  4- 6 || total
-------------------------+-------+-------++-------
Melee: Long sword        |   132 |    44 ||   176
  Use: Potion            |       |     1 ||     1
  Eat: Chunk             |       |     3 ||     3
Armor: Scale mail        |    91 |     1 ||    92
       Chain mail        |       |    18 ||    18
Dodge: Dodged            |    52 |    11 ||    63
Block: Shield            |    90 |    28 ||   118
       Rpst.: Long sword |    14 |     3 ||    17
